 Dungeon Crawl Stone Soup version 0.28-a0-1447-ga5a8893891 (webtiles) character file.

Game seed: 15195106860418032347

2423 bande the Cleaver (level 9, -4/55 HPs)
             Began as a Gargoyle Fighter on Jan 11, 2022.
             Was a Priest of Okawaru.
             Slain by Joseph (6 damage)
             ... on level 6 of the Dungeon on Jan 12, 2022.
             The game lasted 00:16:39 (8282 turns).

bande the Cleaver (Gargoyle Fighter)                Turns: 8282, Time: 00:16:39

Health: -4/55      AC: 23    Str: 21    XL:     9   Next: 48%
Magic:  12/12      EV: 11    Int:  8    God:    Okawaru [***...]
Gold:   216        SH:  5    Dex: 13    Spells: 8/8 levels left

rFire   . . .      SeeInvis .   a - +1 war axe (venom)
rCold   . . .      Faith    .   c - +0 buckler
rNeg    + . .      Spirit   .   l - +1 chain mail
rPois   ∞          Reflect  .   (no helmet)
rElec   +          Harm     .   (no cloak)
rCorr   .          Rampage  .   n - +0 pair of gloves
Will    .....                   (no boots)
Stlth   ..........              (no amulet)
HPRegen 0.18/turn               y - +4 ring of evasion
MPRegen 0.13/turn               e - +4 ring of protection

@: no status effects
A: sickness immunity, AC +6, negative energy resistance 1, electricity
resistance, torment resistance 1, petrification resistance
a: Renounce Religion, Heroism


You were on level 6 of the Dungeon.
You worshipped Okawaru.
Okawaru was most pleased with you.
You visited 2 branches of the dungeon, and saw 8 of its levels.
You also visited: Sewer.

You collected 316 gold pieces.
You spent 100 gold pieces at shops.

Inventory:

Hand Weapons
 a - a +1 war axe of venom (weapon)
 g - a +0 war axe
 k - a +0 morningstar
 z - the +9 fustibalus of Uhogreqa {flame, rC- rCorr Str+5 SInv}
   (You found it on level 6 of the Dungeon)

   Any ammunition fired from it burns those it strikes, dealing additional fire
   damage.
   Str:       It affects your strength (+5).
   rC:        It makes you vulnerable to cold.
   SInv:      It lets you see invisible.
   rCorr:     It protects you from acid and corrosion.
Armour
 c - a +0 buckler (worn)
 l - a +1 chain mail (worn)
 n - a +0 pair of gloves (worn)
 x - an orb of wrath
Jewellery
 b - a ring of see invisible
 e - a +4 ring of protection (right hand)
 f - an amulet of magic regeneration
 i - a ring of protection from fire
 v - a ring of wizardry
 y - a +4 ring of evasion (left hand)
Scrolls
 o - a scroll of amnesia
 p - 2 scrolls of blinking
 u - 2 scrolls of teleportation
Potions
 d - 4 potions of might
 h - 5 potions of brilliance
 j - 5 potions of curing
 m - a potion of cancellation
 q - a potion of ambrosia
 s - a potion of resistance {unknown}
 t - a potion of mutation {unknown}
 w - a potion of heal wounds {unknown}
Miscellaneous
 r - a lightning rod (4/4)


   Skills:
 + Level 5.8 Fighting
 + Level 8.0 Axes
 + Level 6.8 Armour
 + Level 4.9 Shields
 * Level 4.9 Invocations


You had 8 spell levels left.
You didn't know any spells.
Your spell library contained the following spells:

 Spells                   Type           Power      Damage    Failure   Level
 Portal Projectile        Hex/Tloc       0%         N/A       100%        3
 Leda's Liquefaction      Hex/Erth       0%         N/A       100%        4
 Borgnjor's Vile Clutch   Necr/Erth      0%         N/A       100%        5
 Call Canine Familiar     Summ           Unusable   N/A       N/A         3
 Animate Dead             Necr           Unusable   N/A       N/A         4
 Death Channel            Necr           Unusable   N/A       N/A         6

Dungeon Overview and Level Annotations

Branches:
Dungeon (7/15)             Temple (1/1) D:6           Sewer (visited)

Altars:
Ashenzari
Cheibriados
Dithmenos
Elyvilon
Fedhas
Gozag
Hepliaklqana
Kikubaaqudgha
Makhleb
Okawaru
Qazlal
Ru
Trog
Vehumet
Wu Jian
Xom
Yredelemnul
Zin
The Shining One

Shops:
D:1 *   D:6 *

Annotations:
D:6 2 runed translucent doors, Joseph


Innate Abilities, Weirdness & Mutations

You are immune to sickness and miasma.
Your stone body is resilient. (AC +6)
You are immune to poison.
You resist negative energy. (rN+)
You are resistant to electric shocks. (rElec)
You are resistant to unholy torment.
You are immune to petrification.


Message History

Joseph unwields a +3 hunting sling of freezing.
Joseph wields a +0 quarterstaff of draining.
You sense an unholy aura.
Joseph hits you but does no damage.
There is a stone staircase leading up here.
The gnoll barely misses you. Joseph barely misses you.
You block the orc wizard's attack.
You climb upwards.
Level annotation: 2 runed translucent doors
There is a stone staircase leading down here.
You slash Joseph!
Joseph is poisoned.
Joseph is lightly wounded.
You hit the orc wizard.
The orc wizard is poisoned.
Joseph hits you with a +0 quarterstaff of draining.
* * * LOW HITPOINT WARNING * * *
The orc wizard casts a spell at you.
You are confused.
You bump into the rock wall.
Joseph hits you but does no damage.
The orc wizard hits you but does no damage.
Joseph hits you with a +0 quarterstaff of draining.
* * * LOW HITPOINT WARNING * * *
The orc wizard hits you but does no damage.
Unknown command.
You hit the orc wizard.
The orc wizard looks as sick as possible!
The orc wizard is almost dead.
You slash Joseph! Joseph hits you but does no damage.
The orc wizard barely misses you.
You feel better.
You kill the orc wizard!
Okawaru accepts your kill.
Joseph hits you with a +0 quarterstaff of draining.
* * * LOW HITPOINT WARNING * * *
Joseph hits you with a +0 quarterstaff of draining!
* * * LOW HITPOINT WARNING * * *
Things that are here:
a +0 dagger; a +0 robe; an orc corpse You hit Joseph.
Joseph looks as sick as possible!
Joseph is heavily wounded.
Joseph hits you with a +0 quarterstaff of draining.
You die...

#.##.#.##..###[#.# #...#####....
#.#.##|##)##.#.#.####.....##..##.
##...######.#.##..........<...##.
.###'# #'###............(...#.
.....######.....#####...#......#.
....##8.)8##....## ##...........
###.#8....8#.....### #...........
#.+......†.#...>.####..........
#.+......'..#.@@...##.###......
##.#8....8#..#........## ####...
##..##8..8##............# ##..
#....######...[.....<...## ###
...#........#............# ##
#...#..................#.## #.
##.....................##.## ##.
###....................##..## #..
.##........#####........##..###.#


You could see Joseph (extremely poisoned).

Vanquished Creatures
  An unseen horror (D:6)
  A yak (D:6)
  An orc warrior (D:6)
  2 sky beasts (D:6)
  A centaur (D:6)
  5 ogres
  A bullfrog (D:6)
  3 scorpions
  A wyvern zombie (D:5)
  A centaur zombie (D:6)
  A bullfrog zombie (D:6)
  2 hounds (D:5)
  2 jellies
  An orc priest (D:7)
  A bullfrog skeleton (D:6)
  Jessica (D:2)
  6 iguanas
  Natasha (thrice) (D:3)
  4 orc wizards
  2 killer bee zombies (D:6)
  A howler monkey zombie (D:5)
  A gnoll (D:1)
  11 adders
  6 river rats
  A white imp (D:5)
  2 ufetubi
  6 worms
  2 dart slugs
  11 orcs
  9 ball pythons
  9 endoplasms
  8 giant cockroaches
  4 goblins
  8 hobgoblins
  4 jackals (D:1)
  4 quokkas
  6 bats
  6 frilled lizards
  5 kobolds
  11 rats
155 creatures vanquished.

Vanquished Creatures (others)
  14 plants
14 creatures vanquished.

Grand Total: 169 creatures vanquished

Notes
Turn   | Place    | Note
-------+----------+-------------------------------------------
     0 | D:1      | bande the Gargoyle Fighter began the quest for the Orb.
     0 | D:1      | Reached XP level 1. HP: 14/14 MP: 1/1
    62 | D:1      | Reached XP level 2. HP: 18/19 MP: 2/2
   117 | D:1      | Found a faded altar of an unknown god.
   255 | D:1      | Reached skill level 2 in Axes
   352 | D:1      | Found Haucwumm's Assorted Antiques.
   395 | D:1      | Reached XP level 3. HP: 24/24 MP: 3/3
  1099 | D:2      | Noticed Jessica
  1105 | D:2      | Killed Jessica
  1106 | D:2      | Reached XP level 4. HP: 23/29 MP: 4/4
  1127 | D:2      | Reached skill level 3 in Axes
  1799 | D:2      | Reached XP level 5. HP: 33/33 MP: 5/5
  2586 | D:3      | Noticed Natasha
  2594 | D:3      | Killed Natasha
  2683 | D:3      | Noticed Natasha
  2694 | D:3      | Killed Natasha
  2695 | D:3      | Reached skill level 4 in Axes
  2695 | D:3      | Reached XP level 6. HP: 38/38 MP: 6/6
  2738 | D:3      | Noticed Natasha
  2743 | D:3      | Killed Natasha
  2886 | D:3      | Found an opulent altar of Gozag.
  3440 | D:4      | Found an iron altar of Okawaru.
  3481 | D:4      | Became a worshipper of Warmaster Okawaru
  3788 | D:4      | Found a glowing drain.
  3813 | Sewer    | Entered a sewer
  4065 | Sewer    | Reached XP level 7. HP: 33/44 MP: 7/7
  4151 | Sewer    | Reached skill level 5 in Armour
  4426 | D:4      | Found an ornate altar of the Wu Jian Council.
  4737 | D:4      | Found a snail-covered altar of Cheibriados.
  4737 | D:4      | Found a glowing silver altar of Zin.
  4777 | D:5      | Entered Level 5 of the Dungeon
  4825 | D:5      | Reached skill level 5 in Axes
  4825 | D:5      | Reached skill level 1 in Invocations
  5284 | D:5      | Reached * piety under Okawaru
  5422 | D:5      | Reached skill level 5 in Fighting
  5422 | D:5      | Reached XP level 8. HP: 30/49 MP: 9/9
  6114 | D:5      | Reached skill level 6 in Axes
  6448 | D:6      | Found a staircase to the Ecumenical Temple.
  6460 | Temple   | Entered the Ecumenical Temple
  6856 | D:6      | Reached ** piety under Okawaru
  6872 | D:6      | Reached skill level 7 in Axes
  6984 | D:6      | Found Huefog's Assorted Antiques.
  6991 | D:6      | Bought a potion of might for 100 gold pieces
  7050 | D:6      | Found a large runed translucent door.
  7050 | D:6      | Found a large runed translucent door.
  7236 | D:6      | Found a large runed translucent door.
  7236 | D:6      | Noticed a yak
  7252 | D:6      | Reached XP level 9. HP: 54/54 MP: 12/12
  7336 | D:6      | Found a shadowy altar of Dithmenos.
  7345 | D:6      | Found a large runed translucent door.
  7556 | D:6      | Noticed an unseen horror
  8187 | D:6      | Killed an unseen horror
  8223 | D:6      | Reached *** piety under Okawaru
  8246 | D:6      | Identified the +9 fustibalus of Uhogreqa {flame, rC- rCorr
                  | Str+5 SInv}
  8262 | D:7      | Noticed Joseph
  8268 | D:7      | Reached skill level 8 in Axes
  8270 | D:7      | HP: 1/55 [Joseph/sling bullet (2)]
  8281 | D:6      | HP: 2/55 [Joseph (8)]
  8282 | D:6      | Slain by Joseph

Illustrated notes

Levels and vault maps discovered:
D:1:      amcnicky_arrival_abandoned_market, layout_rooms, serial_shops,
          nicolae_shop_hallway_plus, dreamdust_ecumenical_altar_grove
D:2:      wad_pebble_path, layout_loops_ring, minivault_23, uniq_jessica
D:3:      layout_loops_ring, nicolae_gozag_cash_rules_everything_around_me,
          uniq_natasha
D:4:      layout_loops_corners, pdpol_wu_jian_five_deadly_venoms,
          mainiacjoe_overflow_concentric_impassable,
          gammafunk_temple_overflow_statue, portal_sewer_entry_a
D:5:      layout_cave_pods, serial_bayou, serial_bayou_lake_a,
          serial_bayou_shore_b, serial_bayou_pond_c, serial_bayou_lagoon_a
D:6:      layout_layer_cave, mainiacjoe_overflow_six_doors_small, temple_hall,
          serial_shops, shop_fountains, minmay_hollow_rounded_squares
D:7:      layout_rooms, lemuel_crystal_altar, enter_ossuary_4,
          hangedman_decor_growths, uniq_joseph
Temple:   nicolae_temple_god_jail

Skill      XL: |  1  2  3  4  5  6  7  8  9 |
---------------+----------------------------+-----
Axes           | 2 3 4 5 7 8 |  8.0
Fighting       | 4 5 |  5.8
Armour         | 4 5 6 |  6.8
Shields        | 4 |  4.9
Invocations    | 2 4 |  4.9

Action                   |  1- 3 |  4- 6 |  7- 9 || total
-------------------------+-------+-------+-------++-------
Melee: War axe           |    80 |   232 |   198 ||   510
  Use: Scroll            |     1 |     8 |     6 ||    15
       Potion            |       |       |     2 ||     2
Armor: Scale mail        |    55 |    25 |       ||    80
       Chain mail        |       |   105 |   148 ||   253
Dodge: Dodged            |    49 |    87 |    77 ||   213
Block: Buckler           |    13 |    48 |    51 ||   112

Table legend: (Time is in decaauts)
 A = Elapsed time spent in this place.
 B = Non-inter-level travel time spent in this place.
 C = Inter-level travel time spent in this place.
 D = Time resting spent in this place.
 E = Time spent auto-exploring this place.
 F = Levels seen in this place.
 G = Mean time per level.
                   A        B        C        D        E       F      G
               +--------+--------+--------+--------+--------+-----+--------+
         Total |   8545 |   8347 |    198 |   1250 |   5533 |   9 |  949.4 |
       Dungeon |   7808 |   7610 |    198 |   1250 |   5063 |   7 | 1115.4 |
        Temple |     96 |     96 |      0 |      0 |     50 |   1 |   96.0 |
         Sewer |    640 |    640 |      0 |      0 |    420 |   1 |  640.0 |
               +--------+--------+--------+--------+--------+-----+--------+

Top non-repeatable levels by time:
     D:5: 1899 daAuts
     D:6: 1571 daAuts
     D:2: 1326 daAuts
     D:1: 1029 daAuts
     D:4: 1007 daAuts
     D:3: 961 daAuts
   Sewer: 640 daAuts
  Temple: 96 daAuts
     D:7: 13 daAuts
